 Dungeon Crawl Stone Soup version 0.20.1-1-g8b1a95d66d (webtiles) character file.

317 NullDivider the Sneak (level 6, -3/39 HPs)
             Began as an Octopode Artificer on Nov 24, 2017.
             Was an Initiate of Nemelex Xobeh.
             Engulfed by a cloud of thunder (15 damage)
             ... on level 7 of the Dungeon.
             The game lasted 00:23:04 (5045 turns).

NullDivider the Sneak (Octopode Artificer)          Turns: 5045, Time: 00:23:05

Health: -3/39      AC:  1    Str: 11    XL:     6   Next: 45%
Magic:  18/18      EV: 14    Int: 14    God:    Nemelex Xobeh [......]
Gold:   141        SH:  0    Dex: 14    Spells: 5/5 levels left

rFire    . . .     SeeInvis .   e - +1 dagger
rCold    . . .     Gourm    .   (no shield)
rNeg     . . .     Faith    .   (helmet restricted)
rPois    .         Spirit   .   (no amulet)
rElec    .         Reflect  .   m - ring of magical power
rCorr    .         Harm     .   (no ring)
MR       .....                  (no ring)
Stlth    ++++......             (no ring)
Regen    0.2/turn               (no ring)
MPRegen  0.2/turn               (no ring)
                                (no ring)
                                (no ring)

@: no status effects
A: almost no armour, stealthy swim, amphibious, 8 rings, constrict 8, camouflage
1, gelatinous body 1
a: Renounce Religion


You were on level 7 of the Dungeon.
You worshipped Nemelex Xobeh.
Nemelex Xobeh was noncommittal.
You were not hungry.

You visited 2 branches of the dungeon, and saw 6 of its levels.

You collected 141 gold pieces.

Inventory:

Hand Weapons
 e - a +1 dagger (weapon)
Armour
 p - a +0 buckler
Jewellery
 i - an uncursed ring of ice
 m - a ring of magical power (left tentacle)
Wands
 b - a wand of flame (12/48)
 c - a wand of enslavement (11/24)
 d - a wand of random effects (15/48)
Scrolls
 j - a scroll of remove curse
 l - a scroll of identify
Potions
 a - a potion of curing
 g - 2 potions of heal wounds
 u - a potion of ambrosia {unknown}
 v - a potion of magic {unknown}
 w - a potion of cancellation {unknown}
Miscellaneous
 k - a plain deck of destruction {drawn: 2}
Comestibles
 f - a bread ration
 h - 6 meat rations


   Skills:
 + Level 2.1 Fighting
 + Level 2.4 Short Blades
 + Level 3.3 Dodging
 * Level 5.9 Stealth
 + Level 4.1 Evocations


You had 5 spell levels left.
You didn't know any spells.

Dungeon Overview and Level Annotations

Branches:
Dungeon (7/15)             Temple (1/1) D:7

Altars:
Ashenzari
Cheibriados
Dithmenos
Elyvilon
Fedhas
Gozag
Hepliaklqana
Kikubaaqudgha
Makhleb
Nemelex Xobeh
Qazlal
Ru
Sif Muna
Trog
Vehumet
Xom
Yredelemnul
Zin
The Shining One

Annotations:
D:3 nullius's ghost, amateur FoAK
D:7 Joseph


Innate Abilities, Weirdness & Mutations

You cannot wear most types of armour.
You are very stealthy in the water. (Stealth+)
You are amphibious.
You can wear up to eight rings at the same time.
You can use your tentacles to constrict eight enemies at once.
Your skin changes colour to match your surroundings (Stealth+).
Your rubbery body absorbs attacks. (AC +1, EV +1)


Message History

You close the large door.
There is an open door here.
Joseph shouts!
Evoke which item? (* to show all) (? for menu, Esc to quit)
You draw a card...
It is the Storm.
A fierce wind blows from the card.
Your air elemental is blown away by the wind.
Joseph unwields an uncursed quarterstaff.
Joseph wields a runed hunting sling.
It bursts into flame!
Joseph shoots a sling bullet.
The sling bullet hits you!!
Ouch! That really hurt!
The sling bullet burns you.
* * * LOW HITPOINT WARNING * * *
You see here a sling bullet.
Really walk into that cloud of thunder?
Okay, then.
Really walk into that cloud of thunder?
You swap places.
You are standing in a thunderstorm.
You are struck by lightning!
You die...
Your body disappears without a glow.

#.# #@#########
#§#.......# #§#.#####.#
#§#.# #.# #.#.# #.# #.#.#
#.# #E#.# #.# #@#.# #.#
###.#.# #.# #.§§#.# #.#
#.###.#####.# #.#
#.#..|..# #.###.#.#####
..# #.........# ...#
########.....#.#
....#####...####.#.###.##


You could see Joseph and a friendly air elemental.

Vanquished Creatures
  2 orc wizards
  An orc priest (D:2)
  12 adders
  An ooze (D:1)
  2 worms (D:2)
  A dart slug (D:1)
  2 leopard geckos (D:1)
  11 orcs
  11 bats
  4 giant cockroaches
  9 goblins
  9 hobgoblins
  8 jackals
  5 quokkas
  2 ball pythons
  6 frilled lizards
  9 kobolds
  9 rats
104 creatures vanquished.

Vanquished Creatures (collateral kills)
  An orc (D:4)
1 creature vanquished.

Vanquished Creatures (others)
  8 toadstools (D:4)
8 creatures vanquished.

Grand Total: 113 creatures vanquished

Notes
Turn   | Place    | Note
-------+----------+-------------------------------------------
     0 | D:1      | NullDivider the Octopode Artificer began the quest for the Orb.
     0 | D:1      | Reached XP level 1. HP: 13/13 MP: 3/3
    47 | D:1      | Reached skill level 2 in Stealth
   194 | D:1      | Reached XP level 2. HP: 16/18 MP: 4/4
   429 | D:1      | Reached XP level 3. HP: 23/23 MP: 5/5
  1059 | D:2      | Reached skill level 3 in Stealth
  1296 | D:2      | Reached XP level 4. HP: 25/28 MP: 6/6
  2133 | D:2      | Reached skill level 4 in Stealth
  2213 | D:2      | Reached XP level 5. HP: 20/34 MP: 8/8
  2964 | D:3      | Reached skill level 5 in Stealth
  3051 | D:3      | Found a stormy altar of Qazlal.
  3176 | D:3      | Reached XP level 6. HP: 31/39 MP: 9/9
  3703 | D:3      | Noticed nullius's ghost (amateur FoAK)
  4242 | D:4      | Found a shadowy altar of Dithmenos.
  4288 | D:4      | Noticed an orc warrior
  4390 | D:4      | You fall through a shaft for 3 floors!
  4584 | D:7      | Noticed Joseph
  4646 | D:7      | Found a staircase to the Ecumenical Temple.
  4653 | Temple   | Entered the Ecumenical Temple
  4895 | Temple   | Became a worshipper of Nemelex Xobeh the Trickster
  4943 | D:7      | Received a gift from Nemelex Xobeh
  5045 | D:7      | Engulfed by a cloud of thunder

Skill      XL: |  1  2  3  4  5 |
---------------+----------------+-----
Stealth        | 2 3 4 5 |  5.9
Evocations     | 4 |  4.1
Short Blades   | 2 |  2.4
Dodging        | 3 |  3.3
Fighting       | 2 |  2.1

Action                   |  1- 3 |  4- 6 || total
-------------------------+-------+-------++-------
Melee: Short sword       |    67 |       ||    67
       Constrict         |    28 |    43 ||    71
       Tentacles         |    17 |    35 ||    52
       Dagger            |    36 |   151 ||   187
Evoke: Wand              |       |     7 ||     7
       Deck              |       |     2 ||     2
  Use: Scroll            |       |     8 ||     8
       Potion            |       |     1 ||     1
 Stab: Sleeping          |     2 |     9 ||    11
       Distracted        |       |     1 ||     1
  Eat: Chunk             |     1 |    12 ||    13
Armor: Skin              |     9 |     7 ||    16
Dodge: Dodged            |    69 |    95 ||   164
